 Dungeon Crawl Stone Soup version 0.28.0 (webtiles) character file.

Game seed: 10582722366433714837

874 Dorkslayer the Chopper (level 8, -1/67 HPs)
             Began as a Hill Orc Fighter on June 12, 2022.
             Slain by an iguana (2 damage)
             ... on level 5 of the Dungeon.
             The game lasted 00:10:25 (4774 turns).

Dorkslayer the Chopper (Hill Orc Fighter)           Turns: 4774, Time: 00:10:26

Health: -1/67      AC:  8    Str: 21    XL:     8   Next: 4%
Magic:  8/8        EV: 10    Int:  8    God:
Gold:   248        SH:  4    Dex: 10    Spells: 7/7 levels left

rFire   . . .      SeeInvis .   a - +0 war axe
rCold   . . .      Faith    .   c - +0 buckler
rNeg    . . .      Spirit   .   b - +0 scale mail
rPois   .          Reflect  .   (no helmet)
rElec   .          Harm     .   (no cloak)
rCorr   .          Rampage  .   m - +0 pair of gloves
Will    .....                   (no boots)
Stlth   ..........              (no amulet)
HPRegen 0.21/turn               (no ring)
MPRegen 0.11/turn               (no ring)

@: silenced
A: no striking features
a: no special abilities


You were on level 5 of the Dungeon.
You visited 1 branch of the dungeon, and saw 5 of its levels.

You collected 248 gold pieces.

Inventory:

Hand Weapons
 a - a +0 war axe (weapon)
Missiles
 e - 6 boomerangs (quivered)
 g - 8 poisoned darts
 i - 2 silver boomerangs
Armour
 b - a +0 scale mail (worn)
 c - a +0 buckler (worn)
 m - a +0 pair of gloves (worn)
Scrolls
 f - a scroll of enchant armour
 h - a scroll of noise {unknown}
 j - a scroll of immolation
 k - a scroll of teleportation
 l - a scroll of magic mapping {unknown}
 r - a scroll of fog
Potions
 d - a potion of brilliance


   Skills:
 + Level 4.7 Fighting
 + Level 6.9 Axes
 + Level 2.2 Throwing
 + Level 5.4 Armour
 * Level 2.5 Dodging
 + Level 0.1 Stealth
 + Level 4.0 Shields
 * Level 2.3 Evocations


You had 7 spell levels left.
You didn't know any spells.
Your spell library contained the following spells:

 Spells                   Type           Power      Damage    Failure   Level
 Ensorcelled Hibernation  Hex/Ice        0%         N/A       91%         2
 Dazzling Flash           Conj/Hex       0%         N/A       99%         3
 Spider Form              Tmut/Pois      0%         N/A       99%         3
 Anguish                  Hex/Necr       0%         N/A       100%        4
 Iskenderun's Mystic Bla  Conj/Tloc      0%         2d3       100%        4
 Starburst                Conj/Fire      0%         6d3       100%        6


Dungeon Overview and Level Annotations

Branches:
Dungeon (5/15)
 Temple: D:4-7

Altars:
Dithmenos
Hepliaklqana
Makhleb
Uskayaw
Vehumet
Zin

Shops:
D:5 (


Message History

The orc closely misses you.
You bump into the rock wall.
The gnoll hits you but does no damage. The orc hits you but does no damage.
You bump into the rock wall.
The gnoll closely misses you. The orc hits you but does no damage.
You miss the orc.
The orc priest calls down the wrath of Beogh upon you.
Beogh smites you!
* * * LOW HITPOINT WARNING * * *
The gnoll hits you but does no damage. The orc barely misses you.
You're too confused to move!
You feel less invigorated.
You feel less confused. The gnoll barely misses you.
The orc hits you but does no damage.
The orc priest looks encouraged for a moment.
As you read the scroll of teleportation, it crumbles to dust.
You feel strangely unstable.
Okay, then.
As you read the scroll of silence, it crumbles to dust.
A profound silence engulfs you. The orc misses you. You block the orc's attack.
You slash the orc!
You kill the orc!
You hit the orc.
Your surroundings suddenly seem different.
A dart slug and an iguana come into view.
You closely miss the iguana. The iguana misses you.
You block the iguana's attack.
You hit the iguana but do no damage. The iguana bites you!
* * * LOW HITPOINT WARNING * * *
You hit the iguana.
The iguana is moderately wounded.
The iguana bites you!
* * * LOW HITPOINT WARNING * * *
You closely miss the iguana.
The iguana is moderately wounded.
The iguana bites you.
* * * LOW HITPOINT WARNING * * *
You hit the iguana but do no damage.
The iguana is moderately wounded.
The iguana bites you.
You die...

#.# #
##########..
#.# #
...........
#.# #
..........#
#.#
..........#
#.#
..........#
#.#
..........#
#.#
.......l..#
#.###
.......@..#
##.≈..
..........#
##.≈≈##
.....w....#
##...≈#
..........#
#....≈#
..........#
#..≈≈≈##
..........#
#####....≈..
..........#
#........≈..
#.#########
#...........
#...........


You could see an iguana and a dart slug (unsilenced).

Vanquished Creatures
  Grinder (D:3)
  2 phantoms (D:4)
  A water moccasin skeleton (D:4)
  2 orc priests (D:4)
  2 hounds (D:2)
  A jelly (D:4)
  Ijyb (D:3)
  Natasha (thrice) (D:3)
  4 gnolls
  7 adders
  2 adder skeletons (D:4)
  2 worms
  2 dart slugs
  15 orcs
  5 endoplasms
  5 giant cockroaches
  13 goblins
  6 hobgoblins
  6 jackals
  4 quokkas
  6 ball pythons
  4 bats
  3 frilled lizards
  5 kobolds
  6 rats (D:1)
108 creatures vanquished.

Vanquished Creatures (others)
  4 plants (D:1)
4 creatures vanquished.

Grand Total: 112 creatures vanquished

Notes
Turn   | Place    | Note
-------+----------+-------------------------------------------
     0 | D:1      | Dorkslayer the Hill Orc Fighter began the quest for the
                  | Orb.
     0 | D:1      | Reached XP level 1. HP: 19/19 MP: 1/1
    51 | D:1      | Reached XP level 2. HP: 22/27 MP: 2/2
   174 | D:1      | Reached skill level 3 in Axes
   433 | D:1      | Reached XP level 3. HP: 31/33 MP: 3/3
   889 | D:2      | Reached skill level 1 in Throwing
   890 | D:2      | Found a faded altar of an unknown god.
  1093 | D:2      | Reached skill level 1 in Dodging
  1093 | D:2      | Reached XP level 4. HP: 19/40 MP: 4/4
  1345 | D:2      | Reached skill level 4 in Axes
  1388 | D:2      | Reached XP level 5. HP: 40/46 MP: 5/5
  1563 | D:2      | Found a burning altar of Makhleb.
  1669 | D:3      | Noticed Natasha
  1677 | D:3      | Killed Natasha
  2435 | D:3      | Noticed Natasha
  2443 | D:3      | Killed Natasha
  2444 | D:3      | Reached skill level 5 in Axes
  2444 | D:3      | Reached XP level 6. HP: 51/52 MP: 6/6
  2453 | D:3      | Noticed Ijyb
  2466 | D:3      | Killed Ijyb
  2788 | D:3      | Noticed Natasha
  2793 | D:3      | Killed Natasha
  2797 | D:3      | Noticed Grinder
  2805 | D:3      | Paralysed by Grinder for 4 turns
  2819 | D:3      | Killed Grinder
  2820 | D:3      | Reached skill level 1 in Evocations
  2820 | D:3      | Reached XP level 7. HP: 6/60 MP: 7/7
  3389 | D:4      | Reached skill level 6 in Axes
  3389 | D:4      | Reached skill level 5 in Armour
  4136 | D:4      | Found a hazy altar of Hepliaklqana.
  4136 | D:4      | Found a glowing silver altar of Zin.
  4149 | D:4      | Found a hide-covered altar of Uskayaw.
  4151 | D:4      | Found a radiant altar of Vehumet.
  4152 | D:4      | Found a shadowy altar of Dithmenos.
  4342 | D:4      | Reached XP level 8. HP: 60/67 MP: 8/8
  4464 | D:5      | Entered Level 5 of the Dungeon
  4464 | D:5      | Found Lejaz's Weapon Shoppe.
  4753 | D:5      | HP: 2/67 [gnoll (2)]
  4773 | D:5      | HP: 1/67 [iguana (4)]
  4774 | D:5      | Slain by an iguana

Illustrated notes

Levels and vault maps discovered:
D:1:      dpeg_arrival_boxorama, layout_basic, serial_forest,
          infiniplex_forest_corner_1, infiniplex_forest_clump_medium,
          infiniplex_forest_clump_diagonal, infiniplex_forest_straight_2,
          infiniplex_forest_end_2, infiniplex_forest_end_double,
          infiniplex_forest_straight_2
D:2:      kennysheep_the_goblin_king, layout_basic, basic_altar,
          hellmonk_ecumenical_altar_dog_temple
D:3:      layout_basic, dk_noncrumbling_2, uniq_grinder, uniq_natasha, uniq_ijyb
D:4:      layout_cave_pods, chequers_temple_overflow_minitemple
D:5:      layout_basic, serial_rivers, chequers_serial_rivers_micro_a,
          chequers_serial_rivers_micro_e, chequers_serial_rivers_large_b,
          chequers_serial_rivers_micro_a, chequers_serial_rivers_micro_a,
          serial_shops, nicolae_shop_crystal, kennysheep_generic_room_11,
          uniq_prince_ribbit1

Skill      XL: |  1  2  3  4  5  6  7  8 |
---------------+-------------------------+-----
Axes           | 3 4 5 6 |  6.9
Throwing       | 1 2 |  2.2
Fighting       | 4 |  4.7
Dodging        | 1 2 |  2.5
Armour         | 4 5 |  5.4
Evocations     | 1 2 |  2.3
Shields        | 4 |  4.0
Stealth        | |  0.1

Action                   |  1- 3 |  4- 6 |  7- 9 || total
-------------------------+-------+-------+-------++-------
Melee: War axe           |   122 |   136 |   102 ||   360
Throw: Boomerang         |       |     5 |     2 ||     7
Evoke: Wand              |       |     4 |       ||     4
  Use: Scroll            |     2 |     2 |     7 ||    11
       Potion            |       |     2 |     2 ||     4
Armor: Scale mail        |    67 |    63 |    33 ||   163
Dodge: Dodged            |    61 |    58 |    61 ||   180
Block: Buckler           |    31 |    31 |    18 ||    80
